 Dungeon Crawl Stone Soup version 0.31-a0-175-g9f7f995f2b (webtiles) character file.

Game seed: 17945219230914252495

457 qw the Shooter (level 7, -8/64 HPs)
             Began as a Naga Hunter on June 16, 2023.
             Mangled by a gnoll sergeant
             ... wielding a +7 heavy spear
              (17 damage)
             ... on level 5 of the Dungeon.
             The game lasted 00:01:11 (3373 turns).

qw the Shooter (Naga Hunter)                        Turns: 3373, Time: 00:01:11

Health: -8/64      AC:  4    Str: 13    XL:     7   Next: 6%
Magic:  7/7        EV: 10    Int:  9    God:
Gold:   240        SH:  0    Dex: 17    Spells: 6/6 levels left

rFire   . . .        Y - +1 shortbow
rCold   + . .        (shield currently unavailable)
rNeg    . . .        c - +0 leather armour
rPois   +            f - +0 helmet
rElec   .            (no cloak)
rCorr   .            (no gloves)
SInv    +            (no barding)
Will    .....        (no amulet)
Stlth   ++           (no ring)
HPRegen 0.30/turn    (no ring)
MPRegen 0.10/turn

%: random rage (3%)
@: short of breath, marked, weakened, very slow
A: AC +2, large, see invisible, deformed body, poison resistance, slowness 2,
spit poison 1, naga tail 1, berserk 1, cold resistance 1
a: Spit Poison


You were on level 5 of the Dungeon.
You visited 1 branch of the dungeon, and saw 5 of its levels.

You collected 240 gold pieces.


Innate Abilities, Weirdness & Mutations

Your serpentine skin is tough. (AC +2)
You have supernaturally acute eyesight. (SInv)
Armour fits poorly on your strangely shaped body.
Your system is resistant to poisons. (rPois)
You cover ground very slowly.
You can spit poison.
You have a snake-like lower body.
You sometimes lose your temper in combat.
Your flesh is cold resistant. (rC+)


   Skills:
 - Level 4.0 Fighting
 + Level 6.5 Ranged Weapons
 - Level 2.1 Dodging
 - Level 1.5 Stealth


You had 6 spell levels left.
You didn't know any spells.
Your spell library was empty.

Inventory:

Hand Weapons
 Y - a +1 shortbow (weapon)
Armour
 c - a +0 leather armour (worn)
 f - a +0 helmet (worn)
Wands
 m - a wand of digging (3)
Scrolls
 j - a scroll of identify
Potions
 a - a potion of heal wounds
 b - a potion of haste
 d - a potion of ambrosia {unknown}
 g - a potion of enlightenment {unknown}
 h - a potion of resistance
 i - 2 potions of curing
 l - a potion of lignification {unknown}

Dungeon Overview and Level Annotations

Branches:
Dungeon (5/15)
 Temple: D:4-7

Altars:
Ru
Sif Muna
Trog
Yredelemnul
The Shining One


Message History

The jackal bites you but does no damage.
The gnoll hits you with a +0 club. The jackal barely misses you.
A gnoll comes into view. It is wielding a +0 halberd.
You shoot an arrow. The arrow hits the gnoll!
You kill the gnoll!
The jackal bites you but does no damage.
An ogre comes into view. It is wielding a +0 giant club.
A gnoll sergeant comes into view. It is wielding a +7 heavy spear.
You shoot an arrow.
The arrow hits the ogre but does no damage.
You have got your breath back.
The gnoll misses you.
3370 ||| INVOKING Spit Poison.
Aiming: Spit Poison (1% risk of failure)
Press: ? - help, Shift-Dir - straight line, f/p - ogre The splash of poison hits the ogre.
The ogre is poisoned.
The ogre is lightly wounded.
A gnoll comes into view. It is wielding a +0 whip.
The ogre hits you with a +0 giant club. The gnoll hits you with a +0 whip.
The gnoll closely misses you.
The gnoll sergeant hits you from afar with a +7 heavy spear!
You shoot an arrow. The arrow barely misses the ogre.
The arrow barely misses the gnoll sergeant.
The gnoll hits you with a +0 whip.
A gnoll comes into view. It is wielding a +0 spear.
The gnoll hits you with a +0 flail.
You shoot an arrow. The arrow hits the ogre.
The ogre is moderately wounded.
The ogre hits you with a +0 giant club. The gnoll sergeant barely misses you.
The gnoll barely misses you. The gnoll hits you but does no damage.
A gnoll bouda comes into view. It is wielding a +0 club.
A gnoll comes into view. It is wielding a +0 spear.
You shoot an arrow. The arrow hits the ogre.
The ogre is heavily wounded.
The ogre hits you with a +0 giant club! The gnoll hits you but does no damage.
The gnoll hits you with a +0 flail.
The gnoll bouda gazes fiercely through you!
You feel your attacks grow feeble.
The gnoll sergeant hits you from afar with a +7 heavy spear!
You die...

#...# ##.##
##..#
#####...#
#.....#.# g
#..#####.#
#. # #.# g.
#g## .#
#@g#g.#...
##Ohg....#
#ggg.##.#
.gg#.....
...O......
..####....#
... )#.|.
O... ....
.P.. ..


You could see 2 ogres, 2 gnoll sergeants, a gnoll bouda, 5 gnolls and a jackal.

Vanquished Creatures
  A phantom (D:4)
  A bullfrog (D:4)
  A jelly (D:4)
  Jessica (D:3)
  An iguana (D:5)
  2 orc wizards (D:4)
  Robin (D:4)
  A gnoll (D:5)
  6 adders
  A white imp (D:4)
  2 worms
  4 dart slugs
  7 orcs
  9 ball pythons
  5 endoplasms
  2 giant cockroaches
  12 goblins
  11 hobgoblins
  4 jackals
  4 quokkas
  4 bats
  4 frilled lizards
  6 kobolds
  2 rats
92 creatures vanquished.

Notes
Turn   | Place    | Note
-------+----------+-------------------------------------------
     0 | D:1      | qw the Naga Hunter began the quest for the Orb.
     0 | D:1      | Reached XP level 1. HP: 19/19 MP: 1/1
     0 | D:1      | 0 ||| qw: Version: 0.2-a-29-g511e9b1
     0 | D:1      | 0 ||| qw: Game counter: 5735
     0 | D:1      | 0 ||| qw: Always use a shield: true
     0 | D:1      | 0 ||| qw: God list: Okawaru
     0 | D:1      | 0 ||| qw: Allow faded altars: false
     0 | D:1      | 0 ||| qw: Do Orc after D:15 true
     0 | D:1      | 0 ||| qw: Do second Lair branch before Depths: true
     0 | D:1      | 0 ||| qw: Lair rune preference: random
     0 | D:1      | 0 ||| qw: Plans: Normal
     0 | D:1      | 0 ||| PLANNING D:1-11
    72 | D:1      | 72 ||| INVOKING Spit Poison.
    94 | D:1      | 94 ||| INVOKING Spit Poison.
   103 | D:1      | 103 ||| INVOKING Spit Poison.
   121 | D:1      | 121 ||| INVOKING Spit Poison.
   127 | D:1      | 127 ||| INVOKING Spit Poison.
   128 | D:1      | Reached skill level 4 in Ranged Weapons
   128 | D:1      | Reached XP level 2. HP: 26/26 MP: 2/2
   130 | D:1      | Found a faded altar of an unknown god.
   199 | D:1      | 199 ||| INVOKING Spit Poison.
   210 | D:1      | 210 ||| INVOKING Spit Poison.
   220 | D:1      | 220 ||| INVOKING Spit Poison.
   226 | D:1      | 226 ||| INVOKING Spit Poison.
   229 | D:1      | 229 ||| INVOKING Spit Poison.
   242 | D:1      | 242 ||| INVOKING Spit Poison.
   265 | D:1      | 265 ||| INVOKING Spit Poison.
   293 | D:1      | 293 ||| INVOKING Spit Poison.
   301 | D:1      | 301 ||| INVOKING Spit Poison.
   325 | D:1      | 325 ||| INVOKING Spit Poison.
   331 | D:1      | 331 ||| INVOKING Spit Poison.
   332 | D:1      | Reached XP level 3. HP: 32/32 MP: 3/3
   335 | D:1      | 335 ||| INVOKING Spit Poison.
   506 | D:1      | 506 ||| INVOKING Spit Poison.
   513 | D:1      | 513 ||| INVOKING Spit Poison.
   662 | D:1      | 662 ||| READING scroll labelled QERAIZA PUILA.
   663 | D:1      | 663 ||| READING scroll labelled SUHUGU BATOAT.
   664 | D:1      | 664 ||| READING scroll labelled WEUSHR ONIHIBO.
   665 | D:1      | 665 ||| DROPPING scroll of butterflies.
   761 | D:2      | 761 ||| INVOKING Spit Poison.
   806 | D:2      | 806 ||| INVOKING Spit Poison.
   880 | D:2      | 880 ||| INVOKING Spit Poison.
   951 | D:2      | 951 ||| INVOKING Spit Poison.
   961 | D:2      | 961 ||| INVOKING Spit Poison.
  1074 | D:2      | 1074 ||| INVOKING Spit Poison.
  1079 | D:2      | 1079 ||| INVOKING Spit Poison.
  1081 | D:2      | Reached skill level 5 in Ranged Weapons
  1081 | D:2      | Reached XP level 4. HP: 37/39 MP: 4/4
  1111 | D:2      | 1111 ||| INVOKING Spit Poison.
  1123 | D:2      | 1123 ||| INVOKING Spit Poison.
  1163 | D:2      | 1163 ||| INVOKING Spit Poison.
  1168 | D:2      | 1168 ||| INVOKING Spit Poison.
  1320 | D:2      | 1320 ||| INVOKING Spit Poison.
  1339 | D:2      | 1339 ||| INVOKING Spit Poison.
  1394 | D:2      | 1394 ||| INVOKING Spit Poison.
  1508 | D:2      | 1508 ||| DROPPING ring of wizardry.
  1509 | D:2      | 1509 ||| READING scroll labelled DOMPASUEWK.
  1510 | D:2      | 1510 ||| DRINKING 2 fuming green potions.
  1598 | D:3      | 1598 ||| INVOKING Spit Poison.
  1610 | D:3      | 1610 ||| INVOKING Spit Poison.
  1662 | D:3      | 1662 ||| INVOKING Spit Poison.
  1669 | D:3      | 1669 ||| INVOKING Spit Poison.
  1672 | D:3      | 1672 ||| FLEEEEING.
  1673 | D:3      | 1673 ||| FLEEEEING.
  1674 | D:3      | 1674 ||| FLEEEEING.
  1686 | D:3      | 1686 ||| FLEEEEING.
  1687 | D:3      | 1687 ||| FLEEEEING.
  1688 | D:3      | 1688 ||| FLEEEEING.
  1698 | D:3      | 1698 ||| INVOKING Spit Poison.
  1699 | D:3      | 1699 ||| INVOKING Spit Poison.
  1701 | D:3      | Reached skill level 3 in Fighting
  1705 | D:3      | 1705 ||| INVOKING Spit Poison.
  1836 | D:3      | 1836 ||| INVOKING Spit Poison.
  1851 | D:3      | 1851 ||| INVOKING Spit Poison.
  1948 | D:3      | 1948 ||| INVOKING Spit Poison.
  1964 | D:3      | 1964 ||| INVOKING Spit Poison.
  2039 | D:3      | 2039 ||| INVOKING Spit Poison.
  2040 | D:3      | Noticed Jessica
  2044 | D:3      | 2044 ||| INVOKING Spit Poison.
  2045 | D:3      | Reached XP level 5. HP: 49/49 MP: 5/5
  2047 | D:3      | 2047 ||| INVOKING Spit Poison.
  2047 | D:3      | Killed Jessica
  2352 | D:3      | 2352 ||| READING scroll labelled ZAVIADGHEKHLE.
  2353 | D:3      | 2353 ||| DRINKING 2 lumpy yellow potions.
  2353 | D:3      | Gained mutation: You occasionally lose the ability to read
                  | scrolls when taking damage. [potion of mutation]
  2353 | D:3      | Gained mutation: You have a pair of small horns on your
                  | head. [potion of mutation]
  2353 | D:3      | Gained mutation: You expend magic power (3 MP) to
                  | strengthen your wands. [potion of mutation]
  2354 | D:3      | 2354 ||| DRINKING potion of mutation.
  2354 | D:3      | Lost mutation: You expend magic power (3 MP) to strengthen
                  | your wands. [potion of mutation]
  2354 | D:3      | Lost mutation: You occasionally lose the ability to read
                  | scrolls when taking damage. [potion of mutation]
  2354 | D:3      | Lost mutation: You have a pair of small horns on your head.
                  | [potion of mutation]
  2354 | D:3      | Gained mutation: You sometimes lose your temper in combat.
                  | [potion of mutation]
  2354 | D:3      | Gained mutation: Your flesh is cold resistant. (rC+)
                  | [potion of mutation]
  2355 | D:3      | 2355 ||| DRINKING 2 emerald potions.
  2393 | D:4      | 2393 ||| INVOKING Spit Poison.
  2405 | D:4      | 2405 ||| INVOKING Spit Poison.
  2406 | D:4      | Noticed a phantom
  2412 | D:4      | 2412 ||| INVOKING Spit Poison.
  2416 | D:4      | 2416 ||| INVOKING Spit Poison.
  2420 | D:4      | Killed a phantom
  2421 | D:4      | Reached skill level 6 in Ranged Weapons
  2421 | D:4      | 2421 ||| FLEEEEING.
  2422 | D:4      | 2422 ||| INVOKING Spit Poison.
  2494 | D:4      | 2494 ||| INVOKING Spit Poison.
  2571 | D:4      | 2571 ||| INVOKING Spit Poison.
  2576 | D:4      | Reached XP level 6. HP: 49/56 MP: 6/6
  2578 | D:4      | 2578 ||| INVOKING Spit Poison.
  2671 | D:4      | 2671 ||| INVOKING Spit Poison.
  2688 | D:4      | Found a bloodstained altar of Trog.
  2688 | D:4      | Found a glowing golden altar of the Shining One.
  2696 | D:4      | Found a shimmering blue altar of Sif Muna.
  2698 | D:4      | Found a basalt altar of Yredelemnul.
  2700 | D:4      | Found a sacrificial altar of Ru.
  2733 | D:4      | 2733 ||| INVOKING Spit Poison.
  2733 | D:4      | Noticed Robin
  2738 | D:4      | 2738 ||| INVOKING Spit Poison.
  2742 | D:4      | 2742 ||| INVOKING Spit Poison.
  2749 | D:4      | 2749 ||| INVOKING Spit Poison.
  2756 | D:4      | 2756 ||| INVOKING Spit Poison.
  2756 | D:4      | Killed Robin
  2897 | D:4      | 2897 ||| INVOKING Spit Poison.
  2900 | D:4      | 2900 ||| INVOKING Spit Poison.
  2968 | D:4      | 2968 ||| INVOKING Spit Poison.
  2974 | D:4      | 2974 ||| INVOKING Spit Poison.
  3107 | D:4      | 3107 ||| INVOKING Spit Poison.
  3113 | D:4      | 3113 ||| INVOKING Spit Poison.
  3114 | D:4      | HP: 13/57 [bullfrog (2)]
  3311 | D:4      | 3311 ||| UPGRADING to +0 helmet.
  3316 | D:4      | 3316 ||| DRINKING 2 sapphire potions.
  3317 | D:4      | 3317 ||| READING 3 scrolls of identify.
  3317 | D:4      | 3317 ||| IDENTIFYING inky potion
  3318 | D:4      | 3318 ||| READING 2 scrolls of identify.
  3318 | D:4      | 3318 ||| IDENTIFYING purple potion
  3319 | D:4      | 3319 ||| DROPPING potion of brilliance.
  3338 | D:5      | Entered Level 5 of the Dungeon
  3357 | D:5      | 3357 ||| INVOKING Spit Poison.
  3360 | D:5      | Reached XP level 7. HP: 64/64 MP: 7/7
  3363 | D:5      | 3363 ||| Stepping ~*~*~tactically~*~*~ (outnumbered).
  3364 | D:5      | 3364 ||| INVOKING Spit Poison.
  3370 | D:5      | 3370 ||| INVOKING Spit Poison.
  3373 | D:5      | HP: 12/64 [ogre/+0 giant club (17)]
  3373 | D:5      | Mangled by a gnoll sergeant

Levels and vault maps discovered:
D:1:      dpeg_arrival_rhombi, layout_loops_ring,
          chequers_ecumenical_altar_island, minmay_gold_behind_fungi
D:2:      layout_loops_corners
D:3:      layout_loops_ring, uniq_jessica
D:4:      layout_rooms, chequers_temple_overflow_minitemple, uniq_robin
D:5:      layout_rooms, nicolae_grassy_gnolls

Skill      XL: |  1  2  3  4  5  6 |
---------------+-------------------+-----
Ranged Weapons | 4 5 6 |  6.5
Fighting       | 3 4 |  4.0
Dodging        | 2 |  2.1
Stealth        | |  1.5

Action                     |  1- 3 |  4- 6 |  7- 9 || total
---------------------------+-------+-------+-------++-------
   Fire: Shortbow          |    44 |   124 |     8 ||   176
Ability: Spit Poison       |    26 |    41 |     2 ||    69
    Use: Scroll            |     3 |     4 |       ||     7
         Potion            |       |     5 |       ||     5
 Armour: Leather armour    |     8 |    11 |     4 ||    23
  Dodge: Dodged            |    10 |    28 |     6 ||    44

Table legend:
 A = Non-vault XP
 B = Vault XP
 C = Vault XP percentage of total XP
 D = Non-vault monster count
 E = Vault monster count
 F = Vault count percentage of total count
                 A         B        C        D         E       F
            +---------+---------+-------+---------+---------+-------
      Total |     582 |      72 |  11.0 |      79 |      13 |  14.1
            +---------+---------+-------+---------+---------+-------
        D:1 |      47 |       0 |   0.0 |      26 |       0 |   0.0
        D:2 |      67 |       0 |   0.0 |      16 |       0 |   0.0
        D:3 |      52 |      37 |  41.6 |      14 |       1 |   6.7
        D:4 |     363 |      35 |   8.8 |      20 |      12 |  37.5
        D:5 |      53 |       0 |   0.0 |       3 |       0 |   0.0
            +---------+---------+-------+---------+---------+-------
